 Dungeon Crawl Stone Soup version 0.28.0-43-g3370ac3207 (webtiles) character file.

Game seed: 1710165066379002192

1304 Atelerd the Digger (level 8, -3/58 (70) HPs)
             Began as an Octopode Earth Elementalist on Mar 20, 2022.
             Slain by a wight
             ... wielding a +1 long sword of venom
              (10 damage)
             ... on level 6 of the Dungeon.
             The game lasted 00:13:43 (7362 turns).

Atelerd the Digger (Octopode Earth Elementalist)    Turns: 7362, Time: 00:13:43

HP:   -3/58 (70)    AC: 24    Str:  7    XL:     8   Next: 57%
MP:   2/17          EV:  2    Int: 20    God:
Gold: 181           SH:  0    Dex: 12    Spells: 14/19 levels left

rFire   . . .      SeeInvis .   d - +0 dagger
rCold   . . .      Faith    .   (no shield)
rNeg    . . .      Spirit   .   (helmet currently unavailable)
rPois   +          Reflect  .   m - amulet of the acrobat
rElec   .          Harm     .   e - ring of poison resistance
rCorr   .          Rampage  .   (no ring)
Will    .....      NoTele   +   (no ring)
Stlth   ++........              (no ring)
HPRegen 0.19/turn               (no ring)
MPRegen 0.15/turn               (no ring)
                                (no ring)
                                (no ring)

@: mighty, lethally poisoned (-3 -> -7), tree-form, heavily drained
A: stationary, stasis, torment immunity, boosted hp, almost no armour,
(amphibious), 8 rings, (camouflage 1), (gelatinous body 1), (nimble swimmer 1),
(tentacles)
a: no special abilities


You were on level 6 of the Dungeon.
You were a tree.
You visited 1 branch of the dungeon, and saw 6 of its levels.

You collected 264 gold pieces.
You spent 83 gold pieces at shops.

Inventory:

Hand Weapons
 d - a +0 dagger (weapon)
Missiles
 b - 179 stones
 o - a throwing net
Jewellery
 e - a ring of poison resistance (left branch)
 m - an amulet of the acrobat (around neck)
Scrolls
 a - a scroll of noise {unknown}
 c - 2 scrolls of blinking {unknown}
 h - 6 scrolls of identify
 i - a scroll of silence {unknown}
 p - a scroll of torment {unknown}
 q - a scroll of fog {unknown}
 u - a scroll of fear {unknown}
 w - a scroll of vulnerability {unknown}
Potions
 f - 2 potions of flight
 j - 2 potions of lignification
 l - a potion of magic {unknown}
 r - a potion of ambrosia {unknown}
 s - a potion of degeneration {unknown}
 t - 2 potions of heal wounds {unknown}
 v - 2 potions of haste {unknown}
 x - a potion of cancellation {unknown}


   Skills:
 - Level 0.4 Fighting
 - Level 1.2 Short Blades
 - Level 2.0 Dodging
 - Level 2.6 Stealth
 - Level 0.2 Unarmed Combat
 + Level 6.4 Spellcasting
 - Level 3.0 Transmutations
 + Level 7.3 Earth Magic


You had 14 spell levels left.
You knew the following spells:

 Your Spells              Type           Power      Damage    Failure   Level
a - Sandblast             Erth           70%        2d15      1%          1
p - Petrify               Tmut/Erth      27%        N/A       12%         4

Your spell library contained the following spells:

 Spells                   Type           Power      Damage    Failure   Level
 Passwall                 Tmut/Erth      22%        N/A       1%          2
 Stone Arrow              Conj/Erth      42%        3d9       7%          3
 Animate Skeleton         Necr           12%        N/A       10%         1
 Pain                     Necr           24%        1d5       10%         1
 Vampiric Draining        Necr           6%         2d6       30%         3
 Animate Dead             Necr           3%         N/A       69%         4
 Passage of Golubria      Tloc           6%         N/A       69%         4
 Silence                  Hex/Air        3%         N/A       95%         5
 Haunt                    Necr/Summ      3%         N/A       100%        7
 Infestation              Necr           3%         N/A       100%        8
 Lehudib's Crystal Spear  Conj/Erth      10%        10d4      100%        8


Dungeon Overview and Level Annotations

Branches:
Dungeon (6/15)
 Temple: D:4-7

Altars:
Nemelex Xobeh
Xom

Shops:
D:2 =   D:3 *[*?[   D:4 *

Portals:
Abyss: D:5

Annotations:
D:5 2 transporters, exclusion: 2 downstairs, dangdung's ghost, amateur OpTm
D:6 1 runed translucent door, P0WERM0DE's ghost, novice DgIE


Innate Abilities, Weirdness & Mutations

You are a tree.
Your roots penetrate the ground, keeping you stationary.
You cannot be teleported.
You are immune to unholy pain and torment.
Your maximum health is greatly increased.
You cannot wear most types of armour.
((You are amphibious.))
You can wear up to eight rings at the same time.
((Your skin changes colour to match your surroundings (Stealth+).))
((Your rubbery body absorbs attacks. (AC +1, EV +1)))
((You are camouflaged when in or above water. (Stealth+)))
((You have tentacles for arms and can constrict up to eight enemies at once.))


Message History

It was a potion of lignification.
You turn into a tree.
Your roots penetrate the ground.
You lose your grip on the wight.
The wight hits you but does no damage. The wight hits you with a +1 dagger.
* * * LOW HITPOINT WARNING * * *
You feel drained.
Casting: Petrify (dangerous; 12% risk of failure)
Confirm with . or Enter, or press ? or * to list all spells.
Aiming: Sandblast (safe; 1% risk of failure)
Press: ? - help, Shift-Dir - straight line, f - wight
Aim: a wight, wielding a +1 dagger and wearing a +0 robe (lightly damaged, 82% to hit)
The blast of sand hits the wight.
The wight is moderately damaged.
The wight hits you but does no damage.
You are poisoned.
The wight hits you but does no damage.
Unknown command.
Casting: Sandblast (safe; 1% risk of failure)
Confirm with . or Enter, or press ? or * to list all spells.
Aiming: Sandblast (safe; 1% risk of failure)
Press: ? - help, Shift-Dir - straight line, f/p - wight
Aim: a wight, wielding a +1 dagger and wearing a +0 robe (moderately damaged, 82% to hit)
The blast of sand hits the wight but does no damage.
The wight is moderately damaged.
You feel sick.
The wight hits you but does no damage. x2
Unknown command.
Unknown command.
Unknown command.
Unknown command.
Okay, then.
Unknown command.
Casting: Sandblast (safe; 1% risk of failure)
Confirm with . or Enter, or press ? or * to list all spells.
Aiming: Sandblast (safe; 1% risk of failure)
Press: ? - help, Shift-Dir - straight line, f/p - wight
Aim: a wight, wielding a +1 dagger and wearing a +0 robe (moderately damaged, 82% to hit)
The blast of sand hits the wight!
You destroy the wight!
You feel sick.
The wight hits you with a +1 long sword of venom!
You die...

..#......#...#...#....#
..'...†..#...#...'....#
#######'##..###..#....#
....<....#..###..######
.........+..#.....#
.........#..#.....#
.......).#..#.....#
.........#..#...z)#
.........# ####♣.#
#####.....# #...# #
+.....# #...# + .....#
#...# # ....# #...# #
.# ##### .. . ..# ..#


You could see a wight.

Vanquished Creatures
  A black bear (D:5)
  2 ogres
  A sky beast (D:6)
  A bullfrog (D:5)
  4 scorpions
  4 wights (D:6)
  2 howler monkeys
  An orc priest (D:6)
  3 hounds
  A jelly (D:5)
  Terence (D:2)
  2 iguanas
  A hound skeleton (D:4)
  8 gnolls
  4 adders
  A white imp (D:5)
  3 worms
  3 dart slugs
  4 orcs (D:6)
  7 endoplasms
  6 goblins
  9 hobgoblins
  6 jackals (D:3)
  4 quokkas
  11 ball pythons
  3 bats
  3 frilled lizards
  7 kobolds
  A quokka skeleton (D:4)
  7 rats
111 creatures vanquished.

Vanquished Creatures (others)
  3 plants (D:4)
3 creatures vanquished.

Grand Total: 114 creatures vanquished

Notes
Turn   | Place    | Note
-------+----------+-------------------------------------------
     0 | D:1      | Atelerd the Octopode Earth Elementalist began the quest for
                  | the Orb.
     0 | D:1      | Reached XP level 1. HP: 11/11 MP: 3/3
   374 | D:1      | Reached XP level 2. HP: 17/17 MP: 3/5
  1177 | D:1      | Reached XP level 3. HP: 16/21 MP: 6/6
  1435 | D:2      | Found Aduefohu's Jewellery Emporium.
  1576 | D:2      | Noticed Terence
  1804 | D:3      | Reached skill level 1 in Short Blades
  1804 | D:3      | Reached skill level 4 in Earth Magic
  1804 | D:3      | Reached XP level 4. HP: 17/27 MP: 2/8
  1939 | D:3      | Found Bogufyubb's Antique Armour Boutique.
  2022 | D:3      | Found Helat's General Store.
  2027 | D:3      | Bought a potion of curing for 33 gold pieces
  2029 | D:3      | Found a shimmering altar of Xom.
  2030 | D:3      | Found Mecu Mio's Magic Scroll Emporium.
  2035 | D:3      | Found Goetiak's Armour Emporium.
  2089 | D:3      | Found a faded altar of an unknown god.
  2257 | D:3      | Found Onkydi's Assorted Antiques.
  2796 | D:4      | Noticed a scorpion
  2828 | D:4      | Learned a level 4 spell: Petrify
  3079 | D:3      | Reached XP level 5. HP: 32/32 MP: 6/9
  3688 | D:2      | Killed Terence
  3874 | D:4      | Reached XP level 6. HP: 17/37 MP: 1/11
  4206 | D:4      | Reached skill level 5 in Earth Magic
  4492 | D:4      | Reached XP level 7. HP: 40/42 MP: 11/13
  4735 | D:4      | Found Xistrirghi's General Store.
  4758 | D:4      | Bought a scroll of teleportation for 30 gold pieces
  4758 | D:4      | Bought a scroll of identify for 20 gold pieces
  5138 | D:5      | Entered Level 5 of the Dungeon
  5736 | D:5      | Found a sparkling altar of Nemelex Xobeh.
  5739 | D:5      | Found a transporter.
  5753 | D:5      | Reached skill level 5 in Spellcasting
  5759 | D:5      | Reached skill level 6 in Earth Magic
  5938 | D:5      | Found a one-way gate to the infinite horrors of the Abyss.
  5938 | D:5      | Noticed dangdung's ghost (amateur OpTm)
  6022 | D:5      | Found a transporter.
  6213 | D:6      | Reached XP level 8. HP: 47/47 MP: 14/16
  6626 | D:5      | Reached skill level 7 in Earth Magic
  7116 | D:6      | Found a runed translucent door.
  7117 | D:6      | Noticed a troll
  7120 | D:6      | Noticed P0WERM0DE's ghost (novice DgIE)
  7362 | D:6      | Slain by a wight

Illustrated notes

Levels and vault maps discovered:
D:1:      nzn_arrival_water_spiral, layout_rooms
D:2:      layout_loops_ring, serial_shops, shop, uniq_terence
D:3:      layout_loops_cross, xom_butterflies, serial_shops,
          nicolae_shop_waterfront, nicolae_shop_crystal, shop,
          nicolae_shop_statue_plus, nicolae_shop_behind_doors,
          shapermc_ecumenical_altar_mp_highgroup
D:4:      layout_loops_ring, nicolae_overflow_hidden_temple, serial_shops,
          nicolae_square_shop, serial_bayou_pond_a
D:5:      layout_basic, lemuel_crystal_altar, gammafunk_ghost_abyssal_escape,
          nicolae_figureground_pulse
D:6:      layout_gridville, jmf_multi_god_temple2, ebering_ghost_inner_flame

Skill      XL: |  1  2  3  4  5  6  7  8 |
---------------+-------------------------+-----
Short Blades   | 1 |  1.2
Earth Magic    | 4 5 6 7 |  7.3
Spellcasting   | 3 4 5 6 |  6.4
Transmutations | 2 3 |  3.0
Fighting       | |  0.4
Dodging        | |  2.0
Stealth        | |  2.6
Unarmed Combat | |  0.2

Action                   |  1- 3 |  4- 6 |  7- 9 || total
-------------------------+-------+-------+-------++-------
Melee: Unarmed           |    13 |       |       ||    13
       Constrict         |    14 |    21 |    16 ||    51
       Tentacles         |    10 |    19 |    24 ||    53
       Dagger            |    36 |    84 |    67 ||   187
       Punch             |       |     2 |     2 ||     4
 Cast: Sandblast         |    22 |    26 |    32 ||    80
       Petrify           |       |     5 |    18 ||    23
  Use: Scroll            |       |       |     2 ||     2
       Potion            |       |       |     4 ||     4
 Stab: Sleeping          |     7 |     7 |     6 ||    20
       Petrified         |       |    13 |    34 ||    47
       Petrifying        |       |       |     1 ||     1
Armor: Skin              |     5 |     7 |    10 ||    22
Dodge: Dodged            |    35 |    42 |    40 ||   117
